 Dungeon Crawl Stone Soup version 0.23.2-40-g277498a001 (webtiles) character file.

Game seed: 5803964271814678916

3180 Devam the Skirmisher (level 9, 0/63 HPs)
             Began as an Octopode Wizard on Sept 11, 2019.
             Was an Initiate of Gozag.
             Slain by an orc warrior
             ... wielding a +0 flail
              (21 damage)
             ... on level 7 of the Dungeon.
             The game lasted 00:40:54 (8816 turns).

Devam the Skirmisher (Octopode Wizard)              Turns: 8816, Time: 00:40:55

Health: 0/63       AC:  1    Str:  6    XL:     9   Next: 95%
Magic:  4/18       EV: 20    Int: 20    God:    Gozag
Gold:   962        SH:  0    Dex: 18    Spells: 2/20 levels left

rFire    + + +     SeeInvis .   H - +4 short sword (freeze) (curse)
rCold    . . .     Gourm    .   (no shield)
rNeg     . . .     Faith    .   a - +0 hat
rPois    .         Spirit   .   (no amulet)
rElec    .         Reflect  .   b - +4 ring of evasion
rCorr    +         Harm     .   m - ring of wizardry
MR       +....                  p - ring of wizardry
Stlth    +++.......             r - ring of resist corrosion
HPRegen  0.20/turn              x - ring "Fuoroc" {rF+++ MR+ Int-2 Dex+3 Stlth-}
MPRegen  0.16/turn              g - +3 ring of dexterity
                                (no ring)
                                (no ring)

@: no status effects
A: almost no armour, stealthy swim, amphibious, 8 rings, constrict 8, camouflage
1, gelatinous body 1
a: Potion Petition, Call Merchant, Bribe Branch, Renounce Religion


You were on level 7 of the Dungeon.
You worshipped Gozag.
Gozag was pleased with you.
You were not hungry.

You visited 1 branch of the dungeon, and saw 7 of its levels.

You collected 1024 gold pieces.
You paid 62 gold pieces to Gozag.

Inventory:

Hand Weapons
 f - a +3 short sword of flaming
 H - a cursed +4 short sword of freezing (weapon)
Missiles
 G - a throwing net (quivered)
Armour
 a - a +0 hat (worn)
Magical Staves
 y - an uncursed staff of wizardry
 I - an uncursed staff of death {unknown}
Jewellery
 b - a +4 ring of evasion (left tentacle)
 g - a +3 ring of dexterity (on tentacle)
 m - a ring of wizardry (right tentacle)
 p - a ring of wizardry (on tentacle)
 r - a ring of resist corrosion (on tentacle)
 x - the ring "Fuoroc" (on tentacle) {rF+++ MR+ Int-2 Dex+3 Stlth-}
   (You found it on level 4 of the Dungeon)

   [ring of attention]

   It affects your intelligence (-2).
   It affects your dexterity (+3).
   It renders you almost immune to fire.
   It affects your resistance to hostile enchantments.
   It makes you less stealthy.
Wands
 k - a wand of clouds (5)
 u - a wand of enslavement (13)
 B - a wand of scattershot (4)
Scrolls
 d - 2 scrolls of amnesia
 j - a scroll of fear {unknown}
 l - 3 scrolls of teleportation
 n - a scroll of enchant armour {unknown}
 o - 2 scrolls of enchant weapon
 v - a scroll of remove curse {@r2}
 w - a scroll of blinking {unknown}
 z - a scroll of silence {unknown}
 A - a scroll of fog {unknown}
 F - a scroll of brand weapon {unknown}
Potions
 e - 3 potions of mutation
 h - a potion of berserk rage
 i - 2 potions of ambrosia
 q - a potion of cancellation
 s - 2 potions of curing {@q1}
 t - 2 potions of lignification
 C - 2 potions of resistance {unknown}
 D - a potion of haste
 E - a potion of heal wounds {unknown}
 J - a potion of brilliance {unknown}
Comestibles
 c - 8 rations


   Skills:
 + Level 6.5 Fighting
 - Level 2.0 Short Blades
 - Level 5.1 Dodging
 - Level 5.1 Stealth
 - Level 6.0 Spellcasting
 - Level 5.0 Conjurations
 - Level 1.9 Summonings
 - Level 1.7 Translocations
 - Level 1.3 Fire Magic
 + Level 5.5 Air Magic
 - Level 1.2 Poison Magic


You had 2 spell levels left.
You knew the following spells:

 Your Spells              Type           Power        Failure   Level  Hunger
a - Magic Dart            Conj           ####         1%          1    None
b - Blink                 Tloc           N/A          2%          2    None
c - Call Imp              Summ           ##......     2%          2    None
d - Conjure Flame         Conj/Fire      ###.....     2%          3    ##.....
e - Mephitic Cloud        Conj/Pois/Air  ###.....     1%          3    ##.....
f - Shock                 Conj/Air       ####         1%          1    None
g - Swiftness             Chrm/Air       ###.....     1%          2    None
h - Airstrike             Air            ####......   3%          4    ####...

Your spell library contained the following spells:

 Spells                   Type           Power        Failure   Level  Hunger
 Apportation              Tloc           ##....       1%          1    None
 Summon Small Mammal      Summ           ##..         1%          1    None
 Animate Skeleton         Necr           N/A          3%          1    None
 Confusing Touch          Hex            #.....       3%          1    None
 Slow                     Hex            #.......     4%          2    None
 Static Discharge         Conj/Air       ####....     1%          3    ##.....
 Lightning Bolt           Conj/Air       ####......   9%          5    #####..


Dungeon Overview and Level Annotations

Branches:
Dungeon (7/15)             Temple (0/1) D:4

Altars:
Ashenzari
Gozag
Kikubaaqudgha
Okawaru
Wu Jian
Xom
Yredelemnul


Innate Abilities, Weirdness & Mutations

You cannot wear most types of armour.
You are very stealthy in the water. (Stealth+)
You are amphibious.
You can wear up to eight rings at the same time.
You can use your tentacles to constrict eight enemies at once.
Your skin changes colour to match your surroundings (Stealth+).
Your rubbery body absorbs attacks. (AC +1, EV +1)


Message History

The zap hits the orc warrior.
The orc warrior is severely wounded.
Casting: Shock (safe; 1% risk of failure)
Confirm with . or Enter, or press ? or * to list all spells.
Aiming: Shock (safe; 1% risk of failure)
Press: ? - help, Shift-Dir - straight line, f/p - orc warrior
Aim: an orc warrior, wielding a +0 flail and wearing a +0 plate armour (severely wounded)
The zap hits the orc warrior!
The orc warrior is almost dead.
The orc warrior hits you with a +0 flail!!
Casting: Shock (safe; 1% risk of failure)
Confirm with . or Enter, or press ? or * to list all spells.
Aiming: Shock (safe; 1% risk of failure)
Press: ? - help, Shift-Dir - straight line, f/p - orc warrior
Aim: an orc warrior, wielding a +0 flail and wearing a +0 plate armour (almost dead)
The zap hits the orc warrior.
The orc warrior is almost dead.
The orc warrior hits you with a +0 flail!!
You die...
Your body crumbles into a pile of gold.

.>.###################
.$$.$$o@.....)........
#.#######.####.#######
...........#.#
.######.##.#.#
#.##.#.# #.##.#.# ..#
#.##.#.# ..##
#.##.#.## ...
####.##.#..#


You could see an orc warrior.

Vanquished Creatures
  Grinder (D:4)
  Sigmund (D:4)
  A hungry ghost (D:6)
  An orc warrior (D:6)
  A sky beast (D:5)
  3 phantoms
  3 ogres
  2 centaurs
  Blork the orc (D:5)
  A bullfrog (D:5)
  2 scorpions
  8 wights
  3 crimson imps
  2 bullfrog zombies
  A jelly (D:7)
  2 quasits
  A centaur skeleton (D:4)
  4 hounds
  6 orc priests
  2 bullfrog skeletons (D:5)
  A gnoll shaman (D:4)
  5 orc wizards
  5 worker ants
  2 hound zombies
  A worker ant zombie (D:6)
  11 adders
  12 gnolls
  A shadow imp (D:6)
  An ooze (D:3)
  An adder zombie (D:5)
  An adder skeleton (D:4)
  3 worms
  A dart slug (D:1)
  7 leopard geckos
  25 orcs
  A ball python (D:1)
  3 bat zombies (D:2)
  6 giant cockroaches
  11 goblins
  8 hobgoblins
  4 jackals
  3 quokkas
  9 bats
  4 frilled lizards
  A giant cockroach zombie (D:5)
  A jackal skeleton (D:4)
  4 kobolds
  A leopard gecko skeleton (D:4)
  2 leopard gecko zombies (D:5)
  A quokka skeleton (D:6)
  9 rats
  A rat zombie (D:2)
192 creatures vanquished.

Vanquished Creatures (collateral kills)
  An orc priest (D:3)
  An orc wizard (D:3)
2 creatures vanquished.

Grand Total: 194 creatures vanquished

Notes
Turn   | Place    | Note
-------+----------+-------------------------------------------
     0 | D:1      | Devam the Octopode Wizard began the quest for the Orb.
     0 | D:1      | Reached XP level 1. HP: 11/11 MP: 4/4
   331 | D:1      | Reached XP level 2. HP: 17/17 MP: 0/6
   656 | D:1      | Reached XP level 3. HP: 21/21 MP: 4/7
  1243 | D:1      | Learned a level 2 spell: Blink
  1246 | D:1      | Learned a level 2 spell: Call Imp
  1250 | D:1      | Learned a level 3 spell: Conjure Flame
  1518 | D:2      | Found a shattered altar of Ashenzari.
  1538 | D:2      | Reached XP level 4. HP: 27/27 MP: 3/8
  1656 | D:2      | Reached skill level 1 in Fire Magic
  1731 | D:2      | Found an ancient bone altar of Kikubaaqudgha.
  2203 | D:2      | Found an iron altar of Okawaru.
  2225 | D:2      | Reached XP level 5. HP: 31/31 MP: 5/9
  2805 | D:3      | Found an ornate altar of the Wu Jian Council.
  2809 | D:3      | Found a basalt altar of Yredelemnul.
  2865 | D:3      | Learned a level 3 spell: Mephitic Cloud
  3084 | D:3      | Reached XP level 6. HP: 31/36 MP: 5/12
  3693 | D:4      | Reached skill level 5 in Conjurations
  3746 | D:4      | Reached skill level 1 in Air Magic
  3746 | D:4      | Reached skill level 1 in Poison Magic
  3860 | D:4      | Got a faintly glowing silver ring
  3864 | D:4      | Found an opulent altar of Gozag.
  4002 | D:4      | Identified the ring "Fuoroc" {rF+++ MR+ Int-2 Dex+3 Stlth-}
                  | (You found it on level 4 of the Dungeon)
  4048 | D:4      | Became a worshipper of Gozag Ym Sagoz the Greedy
  4109 | D:4      | Reached skill level 1 in Short Blades
  4109 | D:4      | Reached XP level 7. HP: 41/41 MP: 0/13
  4390 | D:4      | Found a staircase to the Ecumenical Temple.
  5131 | D:4      | Noticed Grinder
  5170 | D:5      | Entered Level 5 of the Dungeon
  5213 | D:5      | Reached skill level 5 in Stealth
  5213 | D:5      | Reached XP level 8. HP: 37/46 MP: 0/14
  5498 | D:5      | Reached skill level 5 in Spellcasting
  5771 | D:5      | Reached skill level 5 in Dodging
  6029 | D:5      | Reached skill level 1 in Fighting
  6301 | D:5      | Noticed Blork the orc
  6341 | D:5      | Killed Blork the orc
  6756 | D:6      | Learned a level 1 spell: Shock
  6759 | D:6      | Learned a level 2 spell: Swiftness
  6764 | D:6      | Learned a level 4 spell: Airstrike
  7068 | D:6      | Reached XP level 9. HP: 57/57 MP: 10/18
  7799 | D:6      | Found a shimmering altar of Xom.
  7810 | D:6      | Reached skill level 5 in Fighting
  8080 | D:4      | Killed Grinder
  8248 | D:4      | Noticed Sigmund
  8258 | D:4      | Killed Sigmund
  8428 | D:6      | Reached skill level 5 in Air Magic
  8816 | D:7      | Slain by an orc warrior

Skill      XL: |  1  2  3  4  5  6  7  8  9 |
---------------+----------------------------+-----
Conjurations   | 2 3 4 5 |  5.0
Fire Magic     | 1 |  1.3
Spellcasting   | 4 6 |  6.0
Air Magic      | 1 5 |  5.5
Poison Magic   | 1 |  1.2
Short Blades   | 1 2 |  2.0
Stealth        | 3 5 |  5.1
Dodging        | 3 5 |  5.1
Fighting       | 3 6 |  6.5
Summonings     | |  1.9
Translocations | |  1.7

Action                   |  1- 3 |  4- 6 |  7- 9 || total
-------------------------+-------+-------+-------++-------
Melee: Unarmed           |     3 |       |       ||     3
       Short sword       |    11 |    42 |   128 ||   181
       Tentacles         |     2 |     7 |    24 ||    33
       Constrict         |     3 |    12 |    32 ||    47
 Cast: Magic Dart        |    79 |   137 |   299 ||   515
       Call Imp          |       |    10 |     3 ||    13
       Mephitic Cloud    |       |     4 |    15 ||    19
       Blink             |       |     3 |     3 ||     6
       Shock             |       |       |    61 ||    61
       Conjure Flame     |       |       |     4 ||     4
  Use: Scroll            |       |     8 |     3 ||    11
 Stab: Sleeping          |       |     3 |       ||     3
       Confused          |       |     1 |     3 ||     4
       Distracted        |       |     1 |       ||     1
  Eat: Chunk             |     1 |     9 |       ||    10
       Ration            |       |       |     5 ||     5
Armor: Skin              |     2 |     5 |     6 ||    13
Dodge: Dodged            |    17 |    64 |   132 ||   213
